 Dungeon Crawl Stone Soup version 0.19.1 (webtiles) character file.

84 zeroDi the Sneak (level 4, 0/25 HPs)
             Began as a Vine Stalker Assassin on Dec 10, 2016.
             Slain by a gnoll
             ... wielding a +0 spear
              (2 damage)
             ... on level 2 of the Dungeon.
             The game lasted 00:04:07 (1739 turns).

zeroDi the Sneak (Vine Stalker Assassin)            Turns: 1739, Time: 00:04:07

Health: 0/25       AC:  3    Str: 14    XL:     4   Next: 45%
Magic:  0/5        EV: 11    Int: 11    God:
Gold:   89         SH:  0    Dex: 16    Spells: 0 memorised, 3 levels left

rFire  . . .     SeeInvis .     a - +2 dagger
rCold  . . .     Gourm    .     c - +0 robe
rNeg   . . .     Faith    .     (no shield)
rPois  .         Spirit   +     (no helmet)
rElec  .         Reflect  .     d - +0 cloak
rCorr  .         Harm     .     (no gloves)
MR     .....                    (no boots)
Stlth  +++.......               (no amulet)
                                (no ring)
                                (no ring)

@: no status effects
A: fangs 2, regeneration 1, magic shield, antimagic bite, no device heal 3, rot
immunity
a: no special abilities


You were on level 2 of the Dungeon.
You were not hungry.

You visited 1 branch of the dungeon, and saw 2 of its levels.

You collected 89 gold pieces.


Innate Abilities, Weirdness & Mutations

You have extremely sharp teeth.
Your natural rate of healing is unusually fast.
When hurt, damage is shared between your health and your magic reserves.
Your bite disrupts and absorbs the magic of your enemies.
Potions and wands cannot restore your health.
You are immune to rotting.


   Skills:
 + Level 4.1 Fighting
 - Level 1.7 Short Blades
 - Level 1.7 Throwing
 - Level 0.7 Dodging
 - Level 4.8 Stealth


You had 3 spell levels left.
You didn't know any spells.

Inventory:

Hand Weapons
 a - a +2 dagger (weapon)
 b - a +0 blowgun
Missiles
 f - 2 curare-tipped needles {=f}
Armour
 c - a +0 robe (worn)
 d - a +0 cloak (worn)
Jewellery
 h - an uncursed ring of protection from magic {unknown}
Scrolls
 i - 4 scrolls of fear {unknown}
 j - 3 scrolls of identify {unknown}
 k - a scroll of fog {unknown}
 l - 3 scrolls of remove curse {unknown}
 t - a scroll of enchant armour {unknown}
Potions
 n - a potion of flight {unknown}
 o - 2 potions of berserk rage {unknown}
 p - a potion of magic {unknown}
 r - a potion of brilliance {unknown}
 s - a potion of curing {unknown}
Comestibles
 g - 2 bread rations
 m - 2 chunks of flesh
 q - 2 fruits

Dungeon Overview and Level Annotations

Branches:
Dungeon (2/15)

Altars:

.......# #..(......#
.......#######...(.....#
................(#..##.#######...
...............#.#............(..
......#.......##.#.#.#.########..
#.....#.......##(#.g..........
#######.......##g#g..g.......#
### #.......##g#....g......+ ....
#..(....##@#.....(.....# .....
#.......##.#...........# .....
#.......##.#.#.#.......#
.....##..........#.#.#.......#
..............####.#.#.......#
........#'##### #.#.#.......'
........#.# #.#.#.......#
........#.# #.#.#.......#
........#.# #.#.#..#.####


You could see 2 gnolls.


Message History

You hit the gnoll. Your bite misses the gnoll.
The gnoll is severely wounded.
The gnoll hits you from afar with a spear!
* * * LOW HITPOINT WARNING * * *
You closely miss the gnoll.
The gnoll is severely wounded.
The gnoll closely misses you. The gnoll hits you but does no damage.
You hit the gnoll. You bite the gnoll. You drain its power.
You feel invigorated.
You kill the gnoll!
The gnoll misses you. The gnoll hits you with a spear.
* * * LOW HITPOINT WARNING * * *
Items here: ))) ? a whip; a mace of holy wrath; a scroll labeled CIFFEU OMASM; a club You hit the gnoll but do no damage.
You bite the gnoll. You drain its power.
You feel invigorated.
The gnoll is lightly wounded.
The gnoll hits you with a spear!
You die...

Action                   |  1- 3 |  4- 6 || total
-------------------------+-------+-------++-------
Melee: Dagger            |   120 |    18 ||   138
       Bite              |    28 |     7 ||    35
 Fire: Blowgun           |       |     9 ||     9
 Stab: Sleeping          |     7 |     1 ||     8
       Distracted        |     1 |       ||     1
  Eat: Chunk             |     2 |     1 ||     3
Armor: Robe              |    32 |     1 ||    33
Dodge: Dodged            |    50 |     8 ||    58

Vault maps used:
D:1:      dpeg_arrival_tiny_i, minmay_unequal

Notes
Turn   | Place    | Note
-------+----------+-------------------------------------------
     0 | D:1      | zeroDi the Vine Stalker Assassin began the quest for the Orb.
     0 | D:1      | Reached XP level 1. HP: 11/11 MP: 2/2
    79 | D:1      | Reached skill level 2 in Fighting
    92 | D:1      | HP: 1/11 [kobold/short sword (1)]
   101 | D:1      | Reached XP level 2. HP: 2/16 MP: 3/3
   489 | D:1      | Reached skill level 3 in Fighting
   496 | D:1      | Reached XP level 3. HP: 4/20 MP: 1/4
  1579 | D:2      | Gained mutation: Your natural rate of healing is unusually fast. [Vine Stalker growth]
  1579 | D:2      | Reached XP level 4. HP: 25/25 MP: 5/5
  1729 | D:2      | Reached skill level 4 in Fighting
  1738 | D:2      | HP: 2/25 [gnoll/spear (3)]
  1739 | D:2      | Slain by a gnoll

Vanquished Creatures
  2 gnolls (D:2)
  An adder (D:2)
  2 worms (D:2)
  A dart slug (D:1)
  5 bats (D:1)
  A giant cockroach (D:1)
  5 hobgoblins (D:1)
  5 jackals (D:1)
  6 kobolds
  A quokka (D:2)
  3 frilled lizards
  7 goblins
  7 rats
46 creatures vanquished.
